 Dungeon Crawl Stone Soup version 0.29.0-7-g18a832c13a (webtiles) character file.

Game seed: 223072755045818155

203556 Zeldest the Severer (level 18, -3/156 HPs)
             Began as a Hill Orc Monk on Aug 30, 2022.
             Was an Elder of Cheibriados.
             Slain by a centaur warrior (4 damage)
             ... on level 1 of the Vaults on Aug 31, 2022.
             The game lasted 01:21:22 (36769 turns).

Zeldest the Severer (Hill Orc Monk)                Turns: 36769, Time: 01:21:23

Health: -3/156     AC: 20    Str: 32    XL:     18   Next: 10%
Magic:  12/27      EV: 13    Int: 29    God:    Cheibriados [****..]
Gold:   1735       SH:  0    Dex: 30    Spells: 1/25 levels left

rFire   + + +      SeeInvis .   a - +8 broad axe "Bujuer" {spect, rElec Int+3 Dex+3}
rCold   + + +      Faith    +   q - +0 kite shield
rNeg    + . .      Spirit   .   z - +0 plate armour {rF+}
rPois   .          Reflect  .   G - +0 helmet of the Iron Devil {rC++ rN+ rCorr}
rElec   +          Harm     .   s - scarf {rC+ rF+}
rCorr   +          Rampage  .   r - +0 pair of gloves of Adugicy {rCorr Dex+4}
Will    +....                   i - +0 pair of boots
Stlth   ..........              L - amulet "Xebba" {Faith Fragile rC+ Str+6}
HPRegen 0.36/turn               d - +4 ring of evasion
MPRegen 0.20/turn               B - ring of protection from fire

@: confused, about to teleport, ambrosia-drunk, marked, very slow
A: no striking features
}: 2/15 runes: barnacled, gossamer
a: Renounce Religion, Bend Time, Temporal Distortion, Slouch


You were on level 1 of the Vaults.
You worshipped Cheibriados.
Cheibriados was greatly pleased with you.
You visited 6 branches of the dungeon, and saw 31 of its levels.
You also visited: Gauntlet and Ice Cave.

You collected 2791 gold pieces.
You spent 1056 gold pieces at shops.

Inventory:

Hand Weapons
 a - the +8 broad axe "Bujuer" (weapon) {spect, rElec Int+3 Dex+3}
   (You found it in a Gauntlet)

   When its wielder attacks, the weapon's spirit leaps out and strikes again.
   The spirit shares a part of any damage it takes with its wielder.
   Int:       It affects your intelligence (+3).
   Dex:       It affects your dexterity (+3).
   rElec:     It insulates you from electricity.
 b - a +1 war axe of flaming
Missiles
 A - 4 throwing nets
Armour
 i - a +0 pair of boots (worn)
 q - a +0 kite shield (worn)
 r - the +0 pair of gloves of Adugicy (worn) {rCorr Dex+4}
   (You found it on level 4 of the Spider Nest)

   Dex:       It affects your dexterity (+4).
   rCorr:     It protects you from acid and corrosion.
 s - a scarf of resistance (worn)
 z - a +0 plate armour of fire resistance (worn)
 G - the +0 helmet of the Iron Devil (worn) {rC++ rN+ rCorr}
   (You found it in a Gauntlet)

   rC:        It greatly protects you from cold.
   rN:        It protects you from negative energy.
   rCorr:     It protects you from acid and corrosion.
Jewellery
 d - a +4 ring of evasion (left hand)
 f - a ring of protection from fire
 B - a ring of protection from fire (right hand)
 K - a ring of positive energy
 L - the amulet "Xebba" (around neck) {Faith Fragile rC+ Str+6}
   (You found it in a Gauntlet)

   [amulet of faith]

   It allows you to gain divine favour quickly.
   Str:       It affects your strength (+6).
   rC:        It protects you from cold.
   Fragile:   It will be destroyed if unequipped.
 V - a ring of flight
Wands
 v - a wand of digging (15)
 P - a wand of mindburst (16)
 Q - a wand of paralysis (7)
Scrolls
 c - 9 scrolls of identify
 g - 10 scrolls of magic mapping
 j - 3 scrolls of vulnerability
 k - 11 scrolls of fear
 l - 4 scrolls of noise
 p - 2 scrolls of butterflies
 u - 2 scrolls of enchant armour
 x - 2 scrolls of silence
 y - 4 scrolls of immolation
 H - a scroll of teleportation
 I - a scroll of poison
 X - a scroll of brand weapon
 Y - a scroll of amnesia
 Z - 2 scrolls of enchant weapon
Potions
 e - 3 potions of lignification
 h - a potion of cancellation
 m - 6 potions of mutation
 n - 3 potions of curing
 o - 5 potions of flight
 t - 3 potions of magic
 w - 4 potions of might
 D - 5 potions of resistance
 E - 4 potions of ambrosia
 J - 2 potions of attraction
 M - 3 potions of brilliance
Miscellaneous
 C - a phantom mirror
 S - a phial of floods
 T - a lightning rod (4/4)


   Skills:
 + Level 12.6 Fighting
 - Level 18.4 Axes
 + Level 12.0 Armour
 - Level 2.4 Dodging
 - Level 1.5 Stealth
 + Level 13.2 Shields
 - Level 4.0 Spellcasting
 - Level 4.0 Transmutations
 * Level 17.2 Ice Magic
 - Level 13.0 Invocations


You had one spell level left.
You knew the following spells:

 Your Spells              Type           Power      Damage    Failure   Level
a - Ozocubu's Armour      Ice            81%        N/A       1%          3
b - Wereblood             Tmut           29%        N/A       22%         2
c - Apportation           Tloc           10%        N/A       58%         1
d - Ozocubu's Refrigerat  Ice            40%        4d16      50%         7
e - Polar Vortex          Ice            40%        N/A       100%        9
f - Ensorcelled Hibernat  Hex/Ice        100%       N/A       3%          2

Your spell library contained the following spells:

 Spells                   Type           Power      Damage    Failure   Level
 Beastly Appendage        Tmut           58%        N/A       14%         1
 Sting                    Tmut/Pois      68%        1d6       32%         1
 Necrotise                Necr           20%        1d5       58%         1
 Shock                    Conj/Air       20%        1d4       58%         1
 Slow                     Hex            20%        N/A       58%         1
 Spider Form              Tmut/Pois      17%        N/A       69%         3
 Poisonous Vapours        Pois/Air       10%        N/A       75%         2
 Scorch                   Fire           10%        2d6       75%         2
 Static Discharge         Conj/Air       5%         3-4/arc   75%         2
 Freezing Cloud           Conj/Ice/Air   19%        6-21      90%         5
 Confusing Touch          Hex            5%         N/A       92%         3
 Gell's Gravitas          Tloc           5%         N/A       92%         3
 Mephitic Cloud           Conj/Pois/Air  5%         N/A       92%         3
 Swiftness                Air            5%         N/A       92%         3
 Teleport Other           Tloc           5%         N/A       92%         3
 Vampiric Draining        Necr           5%         2d6       92%         3
 Simulacrum               Ice/Necr       26%        N/A       98%         6
 Airstrike                Air            2%         2d(1-17)  100%        4
 Anguish                  Hex/Necr       2%         N/A       100%        4
 Corpse Rot               Necr/Pois/Air  5%         N/A       100%        4
 Dispel Undead            Necr           5%         3d7       100%        4
 Flame Wave               Conj/Fire      5%         2d5       100%        4
 Olgreb's Toxic Radiance  Pois           5%         N/A       100%        4
 Sticky Flame             Conj/Fire      5%         2d3       100%        4
 Agony                    Necr           5%         N/A       100%        5
 Alistair's Intoxication  Tmut/Pois      11%        N/A       100%        5
 Borgnjor's Vile Clutch   Necr/Erth      2%         N/A       100%        5
 Yara's Violent Unravell  Hex/Tmut       8%         3d5       100%        5
 Death Channel            Necr           2%         N/A       100%        6
 Dispersal                Tloc           2%         N/A       100%        6
 Eringya's Noxious Bog    Tmut/Pois      8%         N/A       100%        6
 Summon Cactus Giant      Summ           2%         N/A       100%        6
 Malign Gateway           Summ/Tloc      2%         N/A       100%        7
 Summon Horrible Things   Summ           2%         N/A       100%        8


Dungeon Overview and Level Annotations

Branches:
Dungeon (15/15)            Temple (0/1) D:5            Lair (5/5) D:9
 Shoals (4/4) Lair:3       Spider (4/4) Lair:2        Slime (0/5) Lair:4
    Orc (2/2) D:10            Elf (0/3) Orc:2        Vaults (1/5) D:14
  IceCv (visited)         Gauntlet (visited)
 Depths: D:15

Altars:
Ashenzari
Cheibriados
Dithmenos
Elyvilon
Fedhas
Gozag
Hepliaklqana
Okawaru
Ru
Trog
Vehumet
Yredelemnul
The Shining One
Jiyva

Shops:
D:6 (   D:8 :

Annotations:
D:3 exclusion: statue
Lair:1 exclusion: 2 burning bushes
Lair:2 exclusion: oklob plant


Message History

A wizard, a cyan ugly thing and a slime creature come into view.
The ironbound thunderhulk shouts!
The vault sentinel shouts!
The wizard shouts!
The white ugly thing gurgles horribly!
The slime creature quivers.
You hear a trumpeting! x2; You hear a shout!
You hear a trumpeting!
You hear a shout!
You hear a trumpeting!
A slime creature comes into view.
A dire elephant comes into view.
The vault sentinel blows a loud note on a signal horn!
Two slime creatures merge to form a large slime creature.
You hear a shout! x4
Blink to where?
Press: ? - help, Dir - move target
As you read the scroll of blinking, it crumbles to dust.
You block the ironbound convoker's attack.
Blink to where?
Press: ? - help, Dir - move target
As you read the scroll of blinking, it crumbles to dust.
Okay, then.
As you read the scroll of teleportation, it crumbles to dust.
You feel strangely unstable.
You step out of the flow of time.
You return to the normal time flow.
You can no longer step out of the flow of time.
Cheibriados lowers the support of your attributes as your movement quickens. 3 centaur warriors and a dire elephant come into view.
The deep troll shouts!
The centaur warrior shouts! x3
The dire elephant trumpets! x3; You hear a trumpeting!
You hear a shout! x3
The centaur warrior closely misses you.
You block the centaur warrior's attack. x3
A dire elephant comes into view.
Okay, then.
You are confused.
You feel invigorated. The centaur warrior barely misses you.
The centaur warrior kicks you but does no damage.
The centaur warrior wields a +0 longbow.
The centaur warrior shoots an arrow.
The arrow misses you. The centaur warrior hits you!
* * * LOW HITPOINT WARNING * * *
The centaur warrior kicks you but does no damage.
A deep troll comes into view.
The centaur warrior hits you.
You die...

##....### .. #.Y.....###
###'#### ##.........#
#...?..# #.....T....p
#..$...# ##...Y.....#
#.....p# #...c......#
#....(.# #...c.Y...# #......#
#.c@.Y..# #......# ###....##
#..T..T# ###..#
######ยง############'########
..p....T...................#
..........)...........T....#
...........................#
....T...p.T................#
...........................#


You could see 4 dire elephants, an ironbound preserver, 3 centaur warriors and 2
deep trolls.

Vanquished Creatures
  Rupert (D:13)
  Frances (D:13)
  2 ironbound preservers (Vaults:1)
  4 ghost moths
  6 emperor scorpions
  A broodmother (Spider:1)
  An entropy weaver (Spider:1)
  A minotaur (Gauntlet)
  Azrael (Spider:1)
  2 spark wasps (Spider:4)
  2 merfolk javelineers
  An ettin (D:14)
  5 merfolk impalers
  A yaktaur captain (Vaults:1)
  Josephine (Spider:1)
  8 hydras
  6 boulder beetles
  A jorogumo (Spider:3)
  A great orb of eyes (Vaults:1)
  2 catoblepae
  5 two-headed ogres
  An ogre mage (Orc:1)
  An ironbound frostheart (Vaults:1)
  A satyr (Shoals:3)
  3 centaur warriors (D:13)
  4 merfolk aquamancers
  A deep troll shaman (Lair:5)
  12 death yaks (Lair:5)
  2 death scarabs
  Urug (D:11)
  Nergalle (Lair:1)
  Amaemon (Lair:3)
  3 pharaoh ants
  Lodul (D:11)
  5 orb spiders
  6 sea snakes
  A spectral hydra (Gauntlet)
  7 steelbarb worms
  10 deep trolls
  A necromancer (D:15)
  2 lindwurms (Lair:5)
  12 harpies
  An orc knight (Orc:1)
  A salamander (shapeshifter) (D:14)
  8 ugly things
  3 orc sorcerers (Orc:1)
  6 cyclopes
  2 oklob plants (Lair:4)
  21 wolf spiders
  9 manticores
  3 moths of wrath
  6 elephants
  7 black mambas
  An apocalypse crab (Gauntlet)
  Maurice (D:11)
  3 ice statues (IceCv)
  An eye of devastation (Gauntlet)
  2 torpor snails
  3 water nymphs
  2 gargoyles
  12 cane toads
  14 komodo dragons
  An orange demon (Lair:3)
  5 demonic crawlers
  2 unseen horrors (D:11)
  An anaconda simulacrum (IceCv)
  2 freezing wraiths
  2 rime drakes
  13 merfolk
  2 polar bears
  6 trolls
  5 hornets (Spider:4)
  20 tarantellas
  A wind drake (shapeshifter) (D:13)
  22 slime creatures
  4 wind drakes
  5 snapping turtles
  7 blink frogs
  28 jumping spiders
  Sigmund (D:3)
  3 wyverns
  6 wraiths
  24 culicivoras
  79 yaks
  4 water elementals
  5 basilisks
  3 fire elementals (Spider:1)
  A dire elephant simulacrum (IceCv)
  A golden eye (Gauntlet)
  43 redbacks
  Grum (D:10)
  2 steam dragons
  2 death yak simulacra (Lair:2)
  12 vampire mosquitoes
  5 wargs
  An acid dragon (D:12)
  5 hell hounds (Spider:1)
  11 orc warriors
  6 black bears
  12 water moccasins
  3 ice beasts
  15 ogres
  24 wolves
  9 centaurs
  3 kobold brigands
  A gnoll sergeant (D:7)
  14 bullfrogs
  A necrophage (D:7)
  2 cane toad simulacra (IceCv)
  3 scorpions
  14 killer bees
  A howler monkey (D:11)
  4 electric eels
  4 jellies
  2 gnoll boudas
  5 hounds
  14 orc priests
  2 iguanas
  Ijyb (D:5)
  19 orc wizards
  2 polar bear simulacra
  2 wolf simulacra (IceCv)
  6 adders
  18 gnolls
  A river rat (Lair:3)
  A shadow imp (D:8)
  2 white imps
  An ufetubus (D:6)
  2 worms
  A dart slug (D:4)
  71 orcs
  5 ball pythons
  8 endoplasms
  5 giant cockroaches
  8 hobgoblins
  3 quokkas
  4 bats
  3 frilled lizards
  6 goblins
  20 kobolds
  9 rats
907 creatures vanquished.

Vanquished Creatures (others)
  A merfolk aquamancer (Shoals:4)
  37 fungi
  105 plants
143 creatures vanquished.

Grand Total: 1050 creatures vanquished

Notes
Turn   | Place    | Note
-------+----------+-------------------------------------------
     0 | D:1      | Zeldest the Hill Orc Monk began the quest for the Orb.
     0 | D:1      | Reached XP level 1. HP: 19/19 MP: 1/1
   314 | D:1      | Reached XP level 2. HP: 26/27 MP: 2/2
   437 | D:1      | Reached skill level 1 in Invocations
   690 | D:1      | Found a faded altar of an unknown god.
   836 | D:1      | Prayed at the altar of an unknown god.
   836 | D:1      | Became a worshipper of Cheibriados the Contemplative
   836 | D:1      | Reached * piety under Cheibriados
   836 | D:1      | Reached ** piety under Cheibriados
  1093 | D:2      | Found a bloodstained altar of Trog.
  1096 | D:2      | Reached XP level 3. HP: 33/33 MP: 4/4
  1134 | D:2      | Reached *** piety under Cheibriados
  1152 | D:2      | Reached skill level 5 in Axes
  1156 | D:2      | Identified the +0 barding "Hefiun" {+Inv Fly Int-4}
  1640 | D:3      | Reached XP level 4. HP: 14/41 MP: 5/5
  2207 | D:3      | Noticed Sigmund
  2230 | D:3      | Killed Sigmund
  2231 | D:3      | Reached skill level 5 in Fighting
  2231 | D:3      | Reached skill level 6 in Axes
  2231 | D:3      | Reached XP level 5. HP: 22/48 MP: 5/7
  2231 | D:3      | Reached XP level 6. HP: 26/56 MP: 5/8
  2460 | D:3      | Reached **** piety under Cheibriados
  2464 | D:3      | Found a radiant altar of Vehumet.
  2926 | D:4      | Reached skill level 7 in Axes
  3632 | D:4      | Reached XP level 7. HP: 29/61 MP: 10/10
  3970 | D:5      | Entered Level 5 of the Dungeon
  4004 | D:5      | Found a staircase to the Ecumenical Temple.
  4095 | D:5      | Noticed Ijyb
  4100 | D:5      | Paralysed by Ijyb for 3 turns
  4114 | D:5      | Killed Ijyb
  4152 | D:5      | Reached skill level 8 in Axes
  4455 | D:5      | Reached skill level 5 in Invocations
  4589 | D:5      | Found a broken altar of Ashenzari.
  4940 | D:5      | Reached skill level 9 in Axes
  4961 | D:5      | Reached XP level 8. HP: 54/70 MP: 12/12
  4961 | D:5      | Reached ***** piety under Cheibriados
  5385 | D:6      | Reached skill level 10 in Axes
  5714 | D:6      | Found a bloodstained altar of Trog.
  5869 | D:6      | Found a glowing golden altar of the Shining One.
  5934 | D:6      | Found Cunaotz's Antique Weapon Boutique.
  6031 | D:7      | Reached skill level 11 in Axes
  6031 | D:7      | Reached XP level 9. HP: 72/79 MP: 14/14
  6090 | D:7      | Found a shadowy altar of Dithmenos.
  6723 | D:8      | Reached skill level 12 in Axes
  6723 | D:8      | Reached skill level 1 in Shields
  6777 | D:8      | Found a white marble altar of Elyvilon.
  6994 | D:8      | Found Syuq Opt's Book Shoppe.
  7323 | D:8      | Noticed a gargoyle
  7343 | D:8      | Killed a gargoyle
  7611 | D:8      | Noticed a cyclops
  7622 | D:8      | Killed a cyclops
  7623 | D:8      | Reached skill level 13 in Axes
  7623 | D:8      | Reached XP level 10. HP: 62/88 MP: 16/16
  8558 | D:9      | Found a basalt altar of Yredelemnul.
  8560 | D:9      | Reached ****** piety under Cheibriados
  8561 | D:9      | Reached skill level 14 in Axes
  8587 | D:9      | Found a staircase to the Lair.
  8624 | D:9      | Found a snail-covered altar of Cheibriados.
  9268 | D:10     | Entered Level 10 of the Dungeon
  9269 | D:10     | Noticed Grum
  9279 | D:10     | Killed Grum
  9280 | D:10     | Reached skill level 5 in Shields
  9298 | D:10     | Reached skill level 10 in Invocations
  9421 | D:10     | Noticed a two-headed ogre
  9454 | D:10     | Found a staircase to the Orcish Mines.
 10145 | D:11     | Killed an unseen horror
 10146 | D:11     | Reached skill level 15 in Axes
 10270 | D:11     | Found a sacrificial altar of Ru.
 10356 | D:11     | Reached XP level 11. HP: 94/94 MP: 18/18
 10527 | D:11     | Noticed Lodul
 10733 | D:11     | Noticed Maurice
 10746 | D:11     | Noticed a cyclops
 10748 | D:11     | Killed Maurice
 10762 | D:11     | Killed a cyclops
 10763 | D:11     | Reached skill level 16 in Axes
 10791 | D:11     | Noticed Urug
 10816 | D:11     | Killed Urug
 10856 | D:11     | Killed Lodul
 10998 | D:11     | Reached skill level 17 in Axes
 11111 | D:11     | Noticed a two-headed ogre
 11118 | D:11     | Killed a two-headed ogre
 11339 | Orc:1    | Entered Level 1 of the Orcish Mines
 11341 | Orc:1    | Noticed an orc sorcerer
 11346 | Orc:1    | Killed an orc sorcerer
 11347 | Orc:1    | Reached XP level 12. HP: 92/101 MP: 10/21
 11570 | Orc:1    | Reached skill level 18 in Axes
 11577 | Orc:1    | Noticed a two-headed ogre
 11577 | Orc:1    | Noticed an ogre mage
 11581 | Orc:1    | Noticed a two-headed ogre
 11591 | Orc:1    | Killed a two-headed ogre
 11679 | Orc:1    | Killed a two-headed ogre
 11682 | Orc:1    | Paralysed by something for 5 turns
 11692 | Orc:1    | Killed an ogre mage
 12010 | Orc:2    | Entered Level 2 of the Orcish Mines
 12023 | Orc:2    | Reached skill level 1 in Ice Magic
 12027 | Orc:2    | Found a staircase to the Elven Halls.
 12307 | Orc:1    | Noticed a two-headed ogre
 12522 | Orc:2    | Killed a two-headed ogre
 12574 | D:10     | Killed a two-headed ogre
 13271 | D:12     | Reached XP level 13. HP: 111/111 MP: 22/22
 13456 | D:12     | Reached skill level 10 in Shields
 13456 | D:12     | Reached skill level 5 in Ice Magic
 13917 | Lair:1   | Entered Level 1 of the Lair of Beasts
 14179 | D:8      | Bought a book of Ice for 552 gold pieces
 14179 | D:8      | Bought a book of Changes for 216 gold pieces
 14179 | D:8      | Bought Ozocubu's Autobiography for 288 gold pieces
 14183 | D:8      | Learned a level 3 spell: Ozocubu's Armour
 14442 | D:13     | Found a hazy altar of Hepliaklqana.
 14477 | D:13     | Reached skill level 1 in Spellcasting
 14928 | Lair:1   | Noticed Nergalle
 14939 | Lair:1   | Killed Nergalle
 15586 | Lair:2   | Found a gate leading to a gauntlet.
 15595 | Gauntlet | Entered a Gauntlet
 15595 | Gauntlet | Found a transporter.
 15595 | Gauntlet | Found a transporter.
 15595 | Gauntlet | Found a transporter.
 15596 | Gauntlet | Found a transporter.
 15597 | Gauntlet | Found a transporter.
 15600 | Gauntlet | Found a transporter.
 15613 | Gauntlet | Found a transporter.
 15614 | Gauntlet | Found a transporter.
 15616 | Gauntlet | Found a transporter.
 15617 | Gauntlet | Found a transporter.
 15627 | Gauntlet | Found a transporter.
 15629 | Gauntlet | Found a transporter.
 15629 | Gauntlet | Noticed a blizzard demon
 15704 | Gauntlet | Identified the amulet "Xebba" {Faith Fragile rC+ Str+6}
 15732 | Gauntlet | Identified the +0 helmet of the Iron Devil {rC++ rN+ rCorr}
 15826 | Gauntlet | Identified the amulet "Edwiec" {RegenMP *Slow rN+ Int+2}
 15826 | Gauntlet | Noticed a minotaur
 15839 | Gauntlet | Killed a minotaur
 15855 | Gauntlet | Identified the +8 broad axe "Bujuer" {spect, rElec Int+3
                  | Dex+3}
 15896 | Lair:2   | Found a frozen archway.
 15931 | IceCv    | Entered an ice cave
 16047 | IceCv    | Reached skill level 1 in Armour
 16058 | IceCv    | Reached XP level 14. HP: 63/118 MP: 23/23
 16074 | IceCv    | Got the Reference Book on Lightning and Shapeshifting
 16202 | Lair:2   | Found a hole to the Spider Nest.
 17186 | Lair:3   | Found a staircase to the Shoals.
 17631 | Lair:3   | Noticed Amaemon
 17642 | Lair:3   | Killed Amaemon
 18283 | Lair:4   | Reached skill level 10 in Ice Magic
 18357 | Lair:4   | Found a viscous altar of Jiyva.
 18357 | Lair:4   | Found a staircase to the Slime Pits.
 18376 | Lair:4   | Reached skill level 5 in Armour
 18440 | Lair:4   | Found an iron altar of Okawaru.
 18671 | Lair:4   | Found a blossoming altar of Fedhas.
 19240 | Lair:5   | Entered Level 5 of the Lair of Beasts
 19646 | Lair:5   | Reached XP level 15. HP: 116/125 MP: 24/24
 20907 | Lair:5   | Identified the +1 plate armour of Trumpets {-Tele MP+9
                  | Str+2}
 21192 | D:13     | Found the +8 longbow "Zephyr" {speed, Dex+3 SInv}
 21244 | D:13     | Noticed Frances
 21254 | D:13     | Killed Frances
 21536 | D:13     | Noticed Rupert
 22364 | D:13     | Killed Rupert
 22365 | D:13     | Reached skill level 10 in Fighting
 22901 | D:14     | Found an opulent altar of Gozag.
 23797 | D:14     | You fall into a shaft and drop 1 floor!
 23797 | D:15     | Entered Level 15 of the Dungeon
 23895 | D:14     | Found a gate to the Vaults.
 23899 | D:14     | Identified the ring "Mabomisupo" {Ice rElec}
 24795 | Spider:1 | Entered Level 1 of the Spider Nest
 24804 | Spider:1 | Reached XP level 16. HP: 127/136 MP: 25/25
 24973 | Spider:1 | Learned a level 2 spell: Ensorcelled Hibernation
 25578 | Spider:1 | Noticed Josephine
 25592 | Spider:1 | Killed Josephine
 25784 | Spider:1 | Reached skill level 10 in Armour
 26074 | Spider:1 | Noticed Azrael
 26084 | Spider:1 | Killed Azrael
 27865 | Spider:2 | Reached skill level 15 in Ice Magic
 28692 | Spider:4 | Entered Level 4 of the Spider Nest
 29295 | Spider:4 | Learned a level 2 spell: Wereblood
 29332 | Spider:4 | Reached XP level 17. HP: 146/146 MP: 26/26
 29457 | Spider:4 | Reached skill level 1 in Transmutations
 30936 | Spider:4 | Identified the +0 pair of gloves of Adugicy {rCorr Dex+4}
 30966 | Spider:4 | Got a gossamer rune of Zot
 31611 | Shoals:1 | Entered Level 1 of the Shoals
 32384 | Shoals:3 | Learned a level 1 spell: Apportation
 32698 | Shoals:4 | Entered Level 4 of the Shoals
 33986 | Shoals:4 | Learned a level 7 spell: Ozocubu's Refrigeration
 33996 | Shoals:4 | Learned a level 9 spell: Polar Vortex
 35884 | Shoals:4 | Got a barnacled rune of Zot
 36130 | Vaults:1 | Entered Level 1 of the Vaults
 36646 | Vaults:1 | Reached XP level 18. HP: 155/155 MP: 27/27
 36704 | Vaults:1 | Paralysed by a great orb of eyes for 5 turns
 36763 | Vaults:1 | HP: 1/156 [yaktaur captain/bolt (32)]
 36769 | Vaults:1 | HP: 1/156 [centaur warrior (7)]
 36769 | Vaults:1 | Slain by a centaur warrior

Illustrated notes

Levels and vault maps discovered:
D:1:      dpeg_arrival_tiny_d, layout_loops_ring, ebering_ecumenical_altar_hall
D:2:      layout_basic, basic_altar, minmay_hexomino_f4
D:3:      layout_basic, vehumet_statue, uniq_sigmund
D:4:      layout_loops_corners
D:5:      cheibrodos_thug_alley, layout_basic, kennysheep_mini_moat,
          minmay_temple_entry_ruins, uniq_ijyb
D:6:      layout_rooms, nicolae_tso_swordbearing_angel, old_standard_altar,
          serial_glass, glass_columns_a, glass_columns_c, due_unseen_surprise,
          item_on_display_a, serial_shops, kennysheep_mini
D:7:      layout_cave_pools, grunt_dithmenos_smoke
D:8:      kennysheep_blocky_room, layout_loops_ring,
          mainiacjoe_overflow_tiny_flanked, serial_shops,
          nicolae_shop_hallway_plus, grunt_ministairs_10, nrook_mini_vaults,
          water_maze_lemuel
D:9:      layout_layer_cave, mainiacjoe_overflow_24_doors, slow_altar_2,
          lair_entry_dummy, corexii_checkpoint_a
D:10:     layout_loops_cross, erik_orc_4, uniq_grum
D:11:     layout_basic, nicolae_ru_great_annihilating_truth, uniq_maurice,
          uniq_urug, uniq_lodul
D:12:     layout_basic
D:13:     layout_irregular_city, nicolae_hepliaklqana_hazy_memory, uniq_rupert,
          uniq_frances
D:14:     layout_loops_ring, david_vaults_4, roderic_lattice_octagonal_star,
          grunt_gozag_statues
D:15:     hangedman_depths_entry_civil_slaughter, layout_long_grid,
          bloody_makhleb, serial_shops, nicolae_shop_trees, grunt_ministairs_1,
          chequers_serial_rivers_micro_a, due_unseen_surprise
Lair:1:   layout_chaotic_city, evilmike_ambush [evilmike_ambush_outer_corners,
          evilmike_ambush_inner_basic], uniq_nergalle
Lair:2:   statuecave_lemuel, layout_loops_ring,
          hellmonk_spider_entry_life_and_decay,
          portal_ice_cave_entry_ice_simulacra, gauntlet_entry_generic,
          infiniplex_staircase_pool
Lair:3:   cheibrodos_lair_river_kwai, layout_chaotic_city, shoals_dummy_entry,
          pond, grunt_megastairs_4, serial_bayou_shore_a, uniq_amaemon
Lair:4:   layout_loops_ring, minmay_slime_entry_pillars, basic_altar,
          hangedman_tree_tricks, chequers_serial_rivers_large_b,
          grunt_megastairs_1
Lair:5:   grunt_lair_end_beastmaster, layout_layer_cave, grunt_megastairs_3
Shoals:1: layout_shoals, nicolae_shoals_secluded_bog
Shoals:2: layout_shoals, uniq_roxanne
Shoals:3: layout_shoals
Shoals:4: shoals_end_simple, layout_shoals
Spider:1: nicolae_spider_hilbert_zone_4 [nicolae_spider_hilbert_4_sides_2_open,
          nicolae_spider_hilbert_4_sides_1_open,
          nicolae_spider_hilbert_4_sides_1_open,
          nicolae_spider_hilbert_4_sides_1_open,
          nicolae_spider_hilbert_4_sides_1_open,
          nicolae_spider_hilbert_2_sides_1_open,
          nicolae_spider_hilbert_2_sides_1_open,
          nicolae_spider_hilbert_2_sides_1_open,
          nicolae_spider_hilbert_2_sides_1_open,
          nicolae_spider_hilbert_6_sides_1_open,
          nicolae_spider_hilbert_6_sides_1_open,
          nicolae_spider_hilbert_3_sides_1_open,
          nicolae_spider_hilbert_3_sides_1_open], uniq_azrael, uniq_josephine
Spider:2: layout_cave_pods, drop_trap
Spider:3: layout_cave_pods, nicolae_arachne_temple
Spider:4: spider_rune_water
Orc:1:    layout_caves
Orc:2:    pf_orc_diabolical, layout_diamond_mine, basic_altar, uniq_jorgrun
Vaults:1: ontoclasm_vaults_misaligned, vaults_room_grunt_arrival_ludios,
          hangedman_vaults_restitches, nicolae_vaults_network_barrier,
          vaults_mumra_bighexcomb, v_misc_22, nicolae_vaults_three_branches,
          nicolae_vaults_little_squares_6, ontoclasm_vaults_shuriken,
          layout_vaults_ring

Skill      XL: |  1  2  3  4  5  6  7  8  9 10 11 12 13 14 15 16 17 18 |
---------------+-------------------------------------------------------+-----
Invocations    | 1 2 3 4 5 7 9 10 12 13 | 13.0
Fighting       | 4 5 6 7 8 9 10 11 12 | 12.6
Axes           | 5 6 7 9 11 13 15 17 18 | 18.4
Shields        | 3 5 8 9 11 12 13 | 13.2
Ice Magic      | 4 8 11 13 15 17 | 17.2
Spellcasting   | 3 4 |  4.0
Armour         | 1 6 9 11 12 | 12.0
Transmutations | 4 |  4.0
Dodging        | |  2.4
Stealth        | |  1.5

Action                   |  1- 3 |  4- 6 |  7- 9 | 10-12 | 13-15 | 16-18 || total
-------------------------+-------+-------+-------+-------+-------+-------++-------
Melee: Hand axe          |   106 |   149 |   328 |       |       |       ||   583
       Punch             |       |     3 |     4 |       |       |       ||     7
       War axe           |       |       |    23 |   672 |   284 |       ||   979
       Broad axe         |       |       |       |       |   455 |   610 ||  1065
       Unarmed           |       |       |       |       |     7 |       ||     7
 Cast: Ozocubu's Armour  |       |       |       |       |     6 |     2 ||     8
       Ensorcelled Hiber |       |       |       |       |       |     3 ||     3
       Wereblood         |       |       |       |       |       |     8 ||     8
       Apportation       |       |       |       |       |       |     1 ||     1
Invok: Slouch            |       |       |       |     5 |     2 |     8 ||    15
       Step From Time    |       |       |       |     2 |     2 |     6 ||    10
       Temporal Distorti |       |       |       |       |       |     4 ||     4
Evoke: Wand              |       |       |     6 |     6 |    15 |    20 ||    47
       Lightning rod     |       |       |       |       |    11 |       ||    11
       Phial of floods   |       |       |       |       |     2 |     1 ||     3
  Use: Scroll            |       |     2 |     7 |    11 |    13 |    19 ||    52
       Potion            |       |     1 |     3 |     4 |     5 |    18 ||    31
 Stab: Sleeping          |     7 |     1 |     2 |     2 |     6 |       ||    18
       Paralysed         |       |       |     9 |     4 |       |     2 ||    15
       Invisible         |       |       |       |     1 |       |       ||     1
       Distracted        |       |       |       |       |    14 |    19 ||    33
       Petrified         |       |       |       |       |     5 |       ||     5
Armor: Robe              |    18 |       |       |       |       |       ||    18
       Ring mail         |    17 |    55 |    54 |    56 |       |       ||   182
       Chain mail        |       |       |   134 |       |       |       ||   134
       Skin              |       |       |     6 |     2 |     5 |       ||    13
       Troll leather arm |       |       |       |    49 |    66 |       ||   115
       Plate armour      |       |       |       |       |    61 |   218 ||   279
Dodge: Dodged            |    85 |    93 |   202 |   402 |   332 |   256 ||  1370
Block: Kite shield       |       |       |    41 |   391 |   477 |   453 ||  1362
